nyob, lawful female dwarven Valkyrie . ..--------. -..|.--..... -<.....@.- |........- --....d.... |...G..... GG. ... G nyob the Fighter Experience level: 7 Strength: 18/03 Dexterity: 11 Constitution: 18 Intelligence: 7 Wisdom: 10 Charisma: 8 Health: 80(80) Energy: 12(12) Def: 19 Gold: 164 Moves: 5854 Dungeon seed: w7BAfUKyhO0c3-S8 Game ID: nyob_1526057622 Your Inventory: Coins $ - 164 gold pieces Amulets C - an uncursed amulet of unchanging Weapons a - the blessed rustproof +3 Excalibur (weapon in hand) b - a +0 dagger (in quiver) i - a cursed -1 orcish dagger k - a +0 orcish dagger l - a +1 orcish dagger named uncursed w - a blessed +0 orcish dagger E - a +0 long sword Armor e - an uncursed +3 small shield (being worn) f - an uncursed +0 dwarvish mithril-coat (being worn) n - an uncursed +1 orcish helm (being worn) q - an uncursed rotted +2 pair of leather gloves (being worn) O - an uncursed +0 helm of telepathy V - an uncursed +2 cloak of invisibility (being worn) Y - an uncursed +1 pair of jumping boots (being worn) Comestibles c - 3 uncursed food rations u - an uncursed apple Scrolls F - an uncursed scroll of destroy armor M - 3 uncursed scrolls of blank paper X - an uncursed scroll of enchant weapon Potions B - a blessed potion of object detection named object detection G - a cursed potion of see invisible Q - an uncursed potion of sleeping T - an uncursed potion of water Rings o - an uncursed ring of poison resistance I - an uncursed ring of free action Wands m - a wand of undead turning named direction, nothing (0:5) Tools h - an uncursed wooden flute v - an uncursed lock pick D - an uncursed mirror H - a cursed brass lantern (0:1049) J - a magic marker (0:75) K - an uncursed skeleton key L - an uncursed lock pick P - an uncursed towel U - an uncursed sack W - an uncursed skeleton key Z - a cursed oil lamp (lit) (0:1263) Gems g - 2 uncursed jasper stones j - an uncursed obsidian stone p - 5 uncursed worthless pieces of violet glass r - 2 uncursed worthless pieces of red glass s - an uncursed touchstone t - 2 uncursed worthless pieces of green glass y - 2 uncursed opals z - 4 uncursed worthless pieces of blue glass A - an uncursed chrysoberyl stone N - 4 uncursed worthless pieces of yellow glass R - 3 uncursed worthless pieces of white glass Spells and supernatural/magical abilities: Name Level Category Fail Memory W - pray for help -- divine ? -- Y - supernatural jump -- ability ? -- Your skills at the end: Fighting Skills Weapon Skills dagger [Basic] long sword [Skilled] Spellcasting Skills Final Attributes: You were piously aligned. You were cold resistant. You were level-drain resistant. You were telepathic. You had automatic searching. You had infravision. You were invisible. You were stealthy. You could jump. You were fast. You are dead. Vanquished creatures: 2 large mimics a chameleon 4 giant spiders a gnome king a dwarf mummy 2 brown puddings a dog a dingo a snake 2 mountain nymphs 2 rock piercers a rock mole a shrieker a violet fungus a gnomish wizard a kobold mummy a red naga hatchling a ghoul a paper golem 4 giant ants 2 little dogs 4 floating eyes 2 kittens a kobold lord 3 hill orcs 2 rothes a centipede a monkey a wererat 2 werejackals 5 iguanas 2 acid blobs a coyote a gas spore a hobbit 13 manes 2 large kobolds 2 hobgoblins a giant rat 4 cave spiders 2 green molds 10 gnomes 2 garter snakes 3 gnome zombies a gecko 11 jackals 3 foxes 4 goblins 3 sewer rats 4 grid bugs 5 lichens 12 newts 141 creatures vanquished. Voluntary challenges: You were an atheist. You used a wielded weapon 120 times, starting on turn 34. You read items or engraved 11 times, starting on turn 942. You never genocided any monsters. You never polymorphed an object. You never changed form. You used no wishes. You split 1 pudding, starting on turn 5005. You never wrote Elbereth's name. You violated your moral code, losing 2 points of alignment, starting on turn 3795. Dungeon overview: The Dungeons of Doom: levels 1 to 7 Level 1 a long staircase Level 2 an armor shop, a fountain Level 3 a general store, a fountain Level 4 some fountains stairs to The Gnomish Mines Level 5 some fountains Level 6 Level 7 some fountains The Gnomish Mines: levels 5 to 11 Level 5 stairs to The Dungeons of Doom Level 6 Level 7 many shops, a temple to Tyr, some fountains Level 8 Level 9 Level 10 Level 11 <- You were here History has recorded: On T:1 you entered the Dungeons of Doom to retrieve the Amulet of Yendor! On T:240 you reached level 2 of The Dungeons of Doom. On T:480 you advanced to experience level 2. On T:794 you reached level 3 of The Dungeons of Doom. On T:949 you advanced to experience level 3. On T:1178 you reached level 4 of The Dungeons of Doom. On T:1472 you reached level 5 of The Dungeons of Doom. On T:1668 you advanced to experience level 4. On T:1747 you reached level 6 of The Dungeons of Doom. On T:2086 you reached level 7 of The Dungeons of Doom. On T:2369 you advanced to experience level 5. On T:3290 you reached level 1 of The Gnomish Mines. On T:3679 you reached level 2 of The Gnomish Mines. On T:4071 you reached level 3 of The Gnomish Mines. On T:4137 you advanced to experience level 6. On T:4972 you advanced to experience level 7. On T:5040 you reached level 4 of The Gnomish Mines. On T:5304 you reached level 5 of The Gnomish Mines. On T:5587 you reached level 6 of The Gnomish Mines. On T:5844 you reached level 7 of The Gnomish Mines. Score breakdown: Gold: 164 ( 7543 points) Experience: 7 levels (13645 points) Exploration: 11 levels ( 22.00%) (13552 points) Discoveries: 23 items ( 9.39%) ( 9191 points) Valuables value: (no points given unless you survive) Artifact value: 4000 (12253 points) Variety of kills: 52 monsters ( 13.65%) (11083 points) Turncount: 5854 turns (-1587 points) Survival: died (score multiplied by 80%) Total score: 52544 Latest messages: You start equipping your plumed helmet. You are now wearing a plumed helmet. You start removing your plumed helmet. You take off your plumed helmet. You start equipping your orcish helm. You are now wearing an orcish helm. The oil lamp flickers for a moment, then dies. Your lamp is now on. You see here a bag. You carefully open the bag... S - a scroll labeled READ ME. U - a bag. As you read the scroll, it disappears. The soldier zaps a maple wand! The death ray whizzes by you! The death ray bounces! You hit the soldier! The soldier zaps a wand of death! The death ray hits you! Final status: Farvel nyob the Valkyrie, killed by a death ray... You died in The Gnomish Mines on dungeon level 11 with 52544 points, and 164 pieces of gold, after 5854 moves. You were level 7 with a maximum of 80 hit points when you died.